 Dungeon Crawl Stone Soup version 0.26-a0-682-g294304f6e8 (webtiles) character file.

Game seed: 5093564120002203901

314 DogServant the Insei (level 6, 0/47 HPs)
             Began as a Merfolk Transmuter on Oct 21, 2020.
             Slain by an orc (3 damage)
             ... on level 4 of the Dungeon.
             The game lasted 00:06:29 (4703 turns).

DogServant the Insei (Merfolk Transmuter)           Turns: 4703, Time: 00:06:30

Health: 0/47       AC:  6    Str: 12    XL:     6   Next: 43%
Magic:  9/9        EV: 14    Int: 12    God:
Gold:   216        SH:  0    Dex: 15    Spells: 3/9 levels left

rFire    + . .     SeeInvis .   u - +0 long sword (holy)
rCold    . . .     Faith    .   (no shield)
rNeg     . . .     Spirit   .   s - +0 leather armour
rPois    .         Reflect  .   (no helmet)
rElec    .         Harm     .   r - +1 cloak {rCorr}
rCorr    +         Rampage  .   g - +0 pair of gloves
MR       .....                  (no boots)
Stlth    +.........             (no amulet)
HPRegen  0.15/turn              e - ring of protection from fire
MPRegen  0.11/turn              k - ring of resist corrosion

@: no status effects
A: change form in water, swift swim, stealthy swim
a: no special abilities


You were on level 4 of the Dungeon.
You visited 1 branch of the dungeon, and saw 4 of its levels.

You collected 216 gold pieces.

Inventory:

Hand Weapons
 l - a +2 short sword of venom
 u - a +0 long sword of holy wrath (weapon)
Armour
 a - a +0 robe
 g - a +0 pair of gloves (worn)
 n - a +0 cloak
 r - a +1 cloak of preservation (worn)
 s - a +0 leather armour (worn)
Jewellery
 e - a ring of protection from fire (left hand)
 k - a ring of resist corrosion (right hand)
Wands
 o - a wand of iceblast (4)
Scrolls
 b - 4 scrolls of identify {unknown}
 c - a scroll of magic mapping {unknown}
 d - a scroll of enchant armour {unknown}
 f - 2 scrolls of teleportation {unknown}
 i - a scroll of fog {unknown}
 m - 2 scrolls of remove curse {unknown}
 t - a scroll of blinking {unknown}
 v - a scroll of immolation {unknown}
 w - a scroll of enchant weapon {unknown}
Potions
 h - a potion of ambrosia {unknown}
 j - a potion of lignification {unknown}
 p - a potion of flight {unknown}
 q - a potion of curing


   Skills:
 + Level 3.1 Fighting
 - Level 4.5 Dodging
 + Level 5.4 Unarmed Combat
 - Level 2.0 Spellcasting
 + Level 4.4 Transmutations
 + Level 0.3 Poison Magic


You had 3 spell levels left.
You knew the following spells:

 Your Spells              Type           Power        Failure   Level
a - Beastly Appendage     Tmut           ##....       5%          1
b - Wereblood             Tmut           ##......     9%          2
c - Spider Form           Tmut/Pois      #.........   36%         3

Your spell library contained the following spells:

 Spells                   Type           Power        Failure   Level
 Ice Form                 Ice/Tmut       #.......     80%         4
 Blade Hands              Tmut           ##........   83%         5


Dungeon Overview and Level Annotations

Branches:
Dungeon (4/15)
 Temple: D:4-7

Altars:
Wu Jian
The Shining One


Message History

The orc completely misses you. Something hits you but does no damage.
The orc priest barely misses you.
You riposte.
You hit the orc priest.
The orc priest is severely wounded.
The orc priest misses you.
You riposte.
You barely miss the orc priest.
The orc priest is moderately wounded.
The orc barely misses you.
You hit the orc priest but do no damage.
The orc priest is severely wounded.
Something barely misses you. The orc priest barely misses you.
The orc priest closely misses you. The orc hits you but does no damage.
You hear some strange, mumbled words.
A puff of flame appears from out of thin air!
The puff of flame misses you.
You barely miss the orc priest.
The orc priest is severely wounded.
The orc priest invokes the aid of Beogh against you.
Beogh smites you!
* * * LOW HITPOINT WARNING * * *
The orc hits you.
You die...

....#..................
.............##........#
.............##........#
.............##........#
.......................#
.......................#
.......................#
...###...#............#
...# #......#..{@.....#
...# #......#..ooo....#
#+## ##.#...#.........#
# #.#...#..........# .
#.....#.)........# ).
########.........# ...
#.........#
...............#
...............


You could see 2 orc priests and an orc.

Vanquished Creatures
  An ogre (D:4)
  Crazy Yiuf (D:3)
  An iguana (D:4)
  2 worker ants (D:4)
  6 adders
  2 adder skeletons
  A worm (D:3)
  A dart slug (D:2)
  3 orcs
  2 ball pythons (D:2)
  7 bats
  5 giant cockroaches
  8 goblins
  2 hobgoblins
  4 jackals (D:2)
  2 quokkas
  4 frilled lizards
  5 kobolds
  11 rats
68 creatures vanquished.

Notes
Turn   | Place    | Note
-------+----------+-------------------------------------------
     0 | D:1      | DogServant the Merfolk Transmuter began the quest for the
                  | Orb.
     0 | D:1      | Reached XP level 1. HP: 15/15 MP: 3/3
   520 | D:1      | Reached XP level 2. HP: 21/21 MP: 3/5
  1133 | D:2      | Reached skill level 4 in Unarmed Combat
  1133 | D:2      | Reached XP level 3. HP: 5/26 MP: 6/6
  2462 | D:3      | Found a glowing golden altar of the Shining One.
  2502 | D:3      | Reached XP level 4. HP: 30/32 MP: 7/7
  3605 | D:3      | Found a runed translucent door.
  3606 | D:3      | Noticed Crazy Yiuf
  4027 | D:3      | Killed Crazy Yiuf
  4027 | D:3      | Reached XP level 5. HP: 30/38 MP: 8/8
  4222 | D:4      | Noticed an ogre
  4231 | D:4      | Killed an ogre
  4231 | D:4      | Reached skill level 5 in Unarmed Combat
  4231 | D:4      | Reached XP level 6. HP: 46/46 MP: 9/9
  4424 | D:4      | Found an ornate altar of the Wu Jian Council.
  4452 | D:4      | Learned a level 2 spell: Wereblood
  4456 | D:4      | Learned a level 3 spell: Spider Form
  4703 | D:4      | Slain by an orc

Illustrated notes

Levels and vault maps discovered:
D:1:      dpeg_arrival_oval, layout_rooms
D:2:      layout_loops_cross, st_stairs_11
D:3:      layout_loops_corners, tso_metal_star, uniq_crazy_yiuf_cottage
D:4:      layout_basic, kennysheep_little_box

Skill      XL: |  1  2  3  4  5  6 |
---------------+-------------------+-----
Dodging        | 3 4 |  4.5
Unarmed Combat | 4 5 |  5.4
Transmutations | 3 4 |  4.4
Fighting       | 2 3 |  3.1
Spellcasting   | |  2.0
Poison Magic   | |  0.3

Action                   |  1- 3 |  4- 6 || total
-------------------------+-------+-------++-------
Melee: Dagger            |    29 |       ||    29
       Unarmed           |    10 |       ||    10
       Short sword       |    55 |    87 ||   142
       Headbutt          |     1 |       ||     1
       Punch             |     1 |     1 ||     2
       Long sword        |       |    34 ||    34
 Cast: Beastly Appendage |     7 |       ||     7
  Use: Potion            |     2 |     1 ||     3
 Stab: Sleeping          |     3 |     1 ||     4
Armor: Robe              |    12 |    14 ||    26
       Leather armour    |       |    20 ||    20
Dodge: Dodged            |    63 |   108 ||   171
       Rpst.: Long sword |       |    13 ||    13

Table legend: (Time is in decaauts)
 A = Elapsed time spent in this place.
 B = Non-inter-level travel time spent in this place.
 C = Inter-level travel time spent in this place.
 D = Time resting spent in this place.
 E = Time spent auto-exploring this place.
 F = Levels seen in this place.
 G = Mean time per level.
                   A        B        C        D        E       F      G
               +--------+--------+--------+--------+--------+-----+--------+
         Total |   4726 |   4561 |    165 |   1169 |   2822 |   4 | 1181.5 |
       Dungeon |   4726 |   4561 |    165 |   1169 |   2822 |   4 | 1181.5 |
               +--------+--------+--------+--------+--------+-----+--------+

Top non-repeatable levels by time:
     D:3: 1836 daAuts
     D:2: 1598 daAuts
     D:1: 780 daAuts
     D:4: 511 daAuts
